[Event "Late-Titled-Tuesday-Blitz-January-23-2024"]
[Site "Chess.com"]
[Date "2024.01.23"]
[Round "4"]
[White "iturrizaga"]
[Black "Jarrahi2452"]
[Result "1-0"]
[WhiteElo "3016"]
[BlackElo "2647"]
[TimeControl "180+1"]
[EndTime "14:38:45 PST"]
[Termination "iturrizaga won by resignation"]

1. c4 c6 2. Nf3 d5 3. e3 Nf6 4. Nc3 Bf5 5. cxd5 Nxd5 6. Bc4 e6 7. O-O Nxc3 8. bxc3 Bd6 9. Qe2 O-O 10. h3 Nd7 11. e4 Bg6 12. d4 e5 13. Rd1 Qc7 14. Nh4 Rfe8 15. Nxg6 hxg6 16. f4 exf4 17. e5 Qd8 18. Bxf4 Nb6 19. Bb3 Nd5 20. Bd2 Be7 21. Rf1 a5 22. a4 Bg5 23. Bxd5 cxd5 24. Bxg5 Qxg5 25. Rab1 Re7 26. Rb5 Rc8 27. Qd3 Qh4 28. Rxd5 Rec7 29. Qf3 Qh6 30. c4 Qd2 31. c5 Qa2 32. Rd6 Qxa4 33.
Qd5 Kh7 34. Rxf7 Qd1+ 35. Rf1 Qd3 36. Rf3 Qe2 37. Kh2 Re8 38. Qb3 Qe4 39. Rg3 Qf4 40. Rxg6 Qxd4 41. Qb1 Kh8 42. R6g4 Qxe5 43. Rh4+ Kg8 44.
Qh7+ Kf8 45. Rh5 Qe6 46. Rf5+ Ke7 47. Rxg7+ Kd8 48. Rxc7 Qxf5 49. Qxf5 Kxc7 50. Qf4+ Kc6 51. Qd6+ Kb5 52. Qd7+ Kxc5 53. Qxe8 b5 54. Qe7+ Kc4 55. Qc7+ Kb4 56. g4 a4 57. g5 a3 58. g6 Kb3 59.
g7 b4 60. g8=Q+ Kb2 61. Qgg7+ 1-0

[Event "Late-Titled-Tuesday-Blitz-January-23-2024"]
[Site "Chess.com"]
[Date "2024.01.23"]
[Round "4"]
[White "brm72"]
[Black "vyprd"]
[Result "1-0"]
[WhiteElo "2680"]
[BlackElo "2346"]
[TimeControl "180+1"]
[EndTime "14:38:45 PST"]
[Termination "brm72 won on time"]

1. e4 c5 2. Nf3 Nc6 3. Bb5 g6 4. Bxc6 bxc6 5. O-O Bg7 6. c3 Nf6 7. Re1 O-O 8. h3 d6 9. d4 cxd4 10. cxd4 c5 11. Nc3 cxd4 12. Nxd4 Bb7 13. Qd3 Qa5 14.
Be3 Rfc8 15. Rac1 Rab8 16. b3 Ba6 17. Qd2 Bb7 18. f3 Qd8 19. Ndb5 a6 20. Na7 Rc5 21. Bxc5 dxc5 22. Qxd8+ Rxd8 23. Na4 Ra8 24. Rxc5 Rxa7 25. Rc7 Ne8 26. Rxe7 Bc6 27. Rxa7 Bd4+ 28. Kf1 Bxa7 29.
Nc3 Kf8 30. Rc1 Bb7 31. Ke2 Ke7 32. Nd1 Kd7 33. Ne3 h5 34. g4 Bxe3 35. Kxe3 Nd6 36. gxh5 gxh5 37. Rg1 Ke6 38. Rg5 h4 39. Rh5 f5 40. Rh6+ Ke7 41. e5 Nf7 42. Rh7 Ke6 43. f4 Be4 44. Rxh4 a5 45. Rh7 Bb1 46. a3 Bc2 47. b4 axb4 48. axb4 Ba4 49. Rg7 Bb5 50.
h4 Ke7 51. h5 Kf8 52. Rg6 Bc4 53. h6 Nh8 54. Rf6+ Nf7 55. Rxf5 Kg8 56. Rf6 Kh7 57. Kd4 Ba2 58. b5 1-0

[Event "Late-Titled-Tuesday-Blitz-January-23-2024"]
[Site "Chess.com"]
[Date "2024.01.23"]
[Round "4"]
[White "vugarrasulov"]
[Black "Alex_Sahakyan2006"]
[Result "1-0"]
[WhiteElo "2932"]
[BlackElo "2721"]
[TimeControl "180+1"]
[EndTime "14:38:46 PST"]
[Termination "vugarrasulov won by resignation"]

1. d4 Nf6 2. c4 e6 3. Nf3 d5 4. g3 Nbd7 5. Qc2 Be7 6. Bg2 O-O 7.
O-O c6 8. Nbd2 b6 9. e4 Ba6 10. b3 Rc8 11. Re1 c5 12. exd5 exd5 13. Bb2 dxc4 14. bxc4 b5 15. Ne5 Nxe5 16. dxe5 Ne8 17. Rad1 Qb6 18. Ne4 Nc7 19. Nd6 Rcd8 20. Nf5 Qe6 21. Bd5 Nxd5 22. cxd5 Qd7 23. d6 Bg5 24. h4 Bc8 25. hxg5 Qxf5 26. Qxf5 Bxf5 27. Rd5 Rc8 28. Rc1 c4 29. Rxb5 Be6 30. Bd4 a6 31. Rb6 Ra8 32. f4 Rfc8 33. Kf2 g6 34. Ke3 Kg7 35. a4 h5 36. gxh6+ Kxh6 37. a5 Kh5 38. g4+ Kxg4 39. Rg1+ Kh3 40. Rbb1 Bd5 41. f5 c3 42.
fxg6 c2 43. Rbc1 fxg6 44. Rxg6 Rab8 45. d7 Rd8 46. e6 Rb3+ 47. Kf4 Rd3 48. Ke5 Bf3 49.
Rxc2 Rb8 50. Rc3 Rb5+ 51. Rc5 Rb8 52. e7 1-0

[Event "Late-Titled-Tuesday-Blitz-January-23-2024"]
[Site "Chess.com"]
[Date "2024.01.23"]
[Round "4"]
[White "SpeedofLight0"]
[Black "LiemLe"]
[Result "1-0"]
[WhiteElo "2957"]
[BlackElo "3103"]
[TimeControl "180+1"]
[EndTime "14:38:48 PST"]
[Termination "SpeedofLight0 won by resignation"]

1. d4 Nf6 2. c4 e6 3. Nf3 d5 4.
g3 Bb4+ 5. Bd2 a5 6. Bg2 O-O 7. O-O dxc4 8. Bg5 h6 9. Bxf6 Qxf6 10. a3 Bd6 11. Nbd2 b5 12. b3 cxb3 13. Qxb3 Ba6 14. Rfc1 Ra7 15. Qe3 Bb7 16. Ne4 Bxe4 17. Qxe4 Qe7 18.
Qe3 Ra6 19. Ne5 Rb6 20. h4 Rc8 21. h5 Bxe5 22. Qxe5 Nd7 23. Rxc7 Nxe5 24. Rxe7 Nc4 25.
d5 e5 26. Be4 b4 27. axb4 axb4 28. Rc1 Kf8 29. Ra7 b3 30. Ra4 b2 31. Rcxc4 Rxc4 32. Rxc4 b1=Q+ 33. Bxb1 Rxb1+ 34. Kg2 Rb7 35. Kf3 Ke7 36.
Ke4 Rb2 37. Rc7+ Kf6 38. Rc6+ Ke7 39. Kf3 Rb4 40. Ra6 Rd4 41. e4 Rd2 42. Ke3 Rb2 43. f4 Rb3+ 44. Kf2 exf4 45. gxf4 Rh3 46. e5 Rxh5 47.
Ra7+ Ke8 48. Ke3 Rf5 49. Ke4 g6 50. d6 h5 51. Kd5 Rxf4 52. Ra8+ Kd7 53. Rf8 Rf5 54. Rxf7+ Rxf7 55. e6+ Ke8 56. exf7+ Kxf7 57. Kc6 h4 58. d7 h3 59. d8=Q h2 60. Qd5+ Kf6 61.
Qh1 Kf5 62. Qxh2 g5 63. Qg2 g4 64. Kd5 Kf4 65. Kd4 g3 66. Kd3 Kg4 67. Ke3 Kf5 68. Kf3 1-0

[Event "Late-Titled-Tuesday-Blitz-January-23-2024"]
[Site "Chess.com"]
[Date "2024.01.23"]
[Round "4"]
[White "MITerryble"]
[Black "grzechu96"]
[Result "1-0"]
[WhiteElo "3026"]
[BlackElo "2720"]
[TimeControl "180+1"]
[EndTime "14:38:48 PST"]
[Termination "MITerryble won on time"]

1. d4 d5 2. Bg5 f6 3. Bc1 Nc6 4. e3 Bf5 5. Bd3 Bxd3 6. Qxd3 e6 7. a3 Nge7 8. Ne2 Ng6 9. h4 Qd7 10. Bd2 O-O-O 11. h5 Nge7 12. b4 Nf5 13. b5 Nce7 14. a4 Nd6 15. Na3 Kb8 16. c4 dxc4 17. Nxc4 Nxc4 18.
Qxc4 e5 19. Bc3 Qd5 20. Qxd5 Nxd5 21. Bd2 Bd6 22. Rc1 Rhe8 23. Rh4 exd4 24. Nxd4 Be5 25.
Nf3 f5 26. Nxe5 Rxe5 27. Kf1 Nf6 28. Be1 Re4 29. Rxe4 fxe4 30. Rc4 Re8 31. Rc5 b6 32. Rf5 h6 33. Bc3 Re6 34. Bxf6 gxf6 35. Rf4 Kb7 36.
Rg4 Re5 37. Ke2 a6 38. bxa6+ Kxa6 39. Rg6 Rxh5 40. Rxf6 Ra5 41. Rxh6 Rxa4 42. g4 Ra2+ 43. Ke1 c5 44. g5 Kb5 45. Re6 Ra8 46. Rxe4 Rg8 47. Rg4 c4 48. Kd2 Kb4 49. g6 Kb3 50. Kc1 c3 51. g7 Ra8 52. g8=Q+ Rxg8 53. Rxg8 b5 54. Rb8 b4 55. f4 1-0

[Event "Late-Titled-Tuesday-Blitz-January-23-2024"]
[Site "Chess.com"]
[Date "2024.01.23"]
[Round "4"]
[White "Filipets"]
[Black "Qvalda"]
[Result "1-0"]
[WhiteElo "2604"]
[BlackElo "2437"]
[TimeControl "180+1"]
[EndTime "14:38:53 PST"]
[Termination "Filipets won on time"]

1. e4 e6 2. d4 d5 3. Nc3 Nf6 4. e5 Nfd7 5. f4 c5 6. Nf3 Nc6 7. Be3 a6 8. Qd2 b5 9. a3 Qa5 10. Be2 b4 11. Nd1 bxa3 12. Qxa5 Nxa5 13. dxc5 Nxc5 14. b4 Ncb3 15. cxb3 Nxb3 16. Ra2 Bxb4+ 17.
Nd2 Bd7 18. Kf2 Nxd2 19. Bxd2 a5 20. Bd3 Ke7 21. Ke2 Rhb8 22. Ne3 Ba4 23. Rb1 Bc6 24. Nc2 Bc5 25. Nxa3 a4 26. Rc1 Bxa3 27. Rxc6 Bb4 28. Rc7+ Ke8 29. Bxb4 Rxb4 30. g3 a3 31. Rc3 Rb2+ 32.
Rxb2 axb2 33. Rb3 Ra2 34. Bb1 Ra1 35. Rxb2 Ra3 36. Rb7 g6 37. Bd3 h5 38. Ke3 Ra2 39. h4 Rg2 40. Kf3 Rd2 41. Bb5+ Kf8 42. Rb8+ Kg7 43.
Be8 Kf8 44. Bc6+ Kg7 45. Rb7 Kf8 46. Bd7 Rd3+ 47. Kf2 Ra3 48. Bb5 Ra2+ 49. Be2 Rc2 50. Rb3 Ra2 51. Ke3 Kg7 52. Kd3 Ra1 53. Kd4 Rg1 54.
Kc5 Re1 55. Bb5 Rd1 56. Kd6 1-0

[Event "Late-Titled-Tuesday-Blitz-January-23-2024"]
[Site "Chess.com"]
[Date "2024.01.23"]
[Round "4"]
[White "chessprincesa1"]
[Black "akanga001"]
[Result "1-0"]
[WhiteElo "2300"]
[BlackElo "2001"]
[TimeControl "180+1"]
[EndTime "14:38:54 PST"]
[Termination "chessprincesa1 won by resignation"]

1. d4 d5 2. c4 e6 3. Nc3 Nf6 4.
cxd5 exd5 5. Bg5 c6 6. e3 Be7 7.
Bd3 Nbd7 8. Qc2 O-O 9. Nge2 Re8 10. h3 Nf8 11. O-O-O Be6 12. f4 a5 13. Kb1 Rc8 14.
g4 Bd7 15. f5 c5 16. Nf4 cxd4 17. exd4 b5 18. Qf2 b4 19. Bxf6 Bxf6 20. Ncxd5 Bc6 21. Nxf6+ Qxf6 22. d5 Bb7 23. h4 Qd6 24. Qd4 a4 25. Bb5 Re7 26. Bxa4 Nd7 27. Nh5 f6 28. g5 Ne5 29. gxf6 gxf6 30. Rhg1+ Kh8 31. Nxf6 Qxf6 32. d6 Rf7 33. Rgf1 Rd8 34. Qxb4 Bf3 35. Rd2 Qxf5+ 36. Bc2 Qh3 37. Re1 Qg3 38. Rc1 Qg7 39. Qb6 Rfd7 40.
Qc5 Qf6 41. Re1 Ng6 42. Bxg6 hxg6 43. Ka1 Rxd6 44. Rxd6 Rxd6 45. Re8+ Kh7 46. Qc7+ Kh6 47. Qc1+ g5 48. hxg5+ Qxg5 49. Rh8+ Kg7 50. Qxg5+ Kxh8 51. Qe5+ Rf6 52. Qxf6+ Kh7 53. Qxf3 Kh6 54. a4 1-0

[Event "Late-Titled-Tuesday-Blitz-January-23-2024"]
[Site "Chess.com"]
[Date "2024.01.23"]
[Round "4"]
[White "Boninknights"]
[Black "valeriocarnicelli"]
[Result "1/2-1/2"]
[WhiteElo "2374"]
[BlackElo "2527"]
[TimeControl "180+1"]
[EndTime "14:38:55 PST"]
[Termination "Game drawn - insufficient material"]

1. b3 d5 2. e3 Nf6 3. Bb2 g6 4. Bxf6 exf6 5. d4 Bd6 6. Bd3 O-O 7. Qf3 Nc6 8. c3 Ne7 9. g4 c5 10. Ne2 f5 11. h3 a5 12. a4 Re8 13. Nd2 b6 14. Kd1 Ra7 15. Kc2 Rc7 16. Kb2 Be6 17. Rag1 Kh8 18. Ng3 Qc8 19. gxf5 Nxf5 20. Nxf5 Bxf5 21.
Bxf5 Qxf5 22. Qxf5 gxf5 23. Rg5 cxd4 24. cxd4 Bb4 25.
Nf3 Rec8 26. Rhg1 Rc2+ 27. Kb1 f6 28. Rg8+ Rxg8 29. Rxg8+ Kxg8 30. Kxc2 Kg7 31. Nh4 Kh6 32.
Nxf5+ Kg5 33. Ng7 Kh4 34. Ne8 Be7 35. Nc7 Kxh3 36. Nxd5 Bd8 37. Kd3 h5 38. Ke2 Kg4 39. f3+ Kg3 40. e4 h4 41. e5 fxe5 42. dxe5 h3 43. Ne3 h2 44. Nf1+ Kg2 45. Nxh2 Kxh2 46.
Ke3 Kg3 47. Ke4 Kf2 48. f4 Kg3 49. f5 Kg4 50. f6 Kg5 51. Kd5 Kf5 52. Kc6 Ke6 53.
Kb5 Kf7 54. b4 axb4 55. Kxb4 Ke6 56. Kb5 Bc7 57. Kc6 Bd8 58. Kb7 Kxe5 59. f7 Be7 60.
Kxb6 Ke6 61. a5 Kxf7 62. a6 Bg5 63. a7 Be3+ 64. Kb7 Bxa7 1/2-1/2

[Event "Late-Titled-Tuesday-Blitz-January-23-2024"]
[Site "Chess.com"]
[Date "2024.01.23"]
[Round "4"]
[White "ritanovikova"]
[Black "tgpgoat"]
[Result "1-0"]
[WhiteElo "2178"]
[BlackElo "2415"]
[TimeControl "180+1"]
[EndTime "14:38:55 PST"]
[Termination "ritanovikova won on time"]

1. e4 c5 2. Nc3 Nc6 3. d3 d6 4.
Be3 Nf6 5. h3 g6 6. Qd2 Bg7 7.
Bh6 O-O 8. Nf3 Rb8 9. Bxg7 Kxg7 10. Be2 b5 11. O-O b4 12. Nd5 Nxd5 13. exd5 Na5 14. d4 c4 15. c3 b3 16. a3 Bb7 17. Qg5 f6 18. Qg3 Bxd5 19. Nh4 Kh8 20. Bf3 Bf7 21.
Rfe1 e5 22. dxe5 dxe5 23. Rad1 Qc7 24. Be4 Rbd8 25. Qf3 f5 26. Bd5 e4 27. Qe3 Bxd5 28.
Qh6 Qg7 29. Qf4 Be6 30. Qg5 Rxd1 31. Rxd1 Nc6 32. Rd6 Bd7 33. Nxg6+ hxg6 34. Rxg6 Rf7 35. Rxg7 Rxg7 36. Qf6 Kg8 37. h4 Rf7 38. Qg6+ Rg7 39. Qd6 Nd8 40. h5 Ne6 41. Qd5 Kh7 42. Qxf5+ Kh8 43. Qxe4 Ng5 44. Qa8+ Kh7 45. Qd5 Nh3+ 46. Kf1 Ng5 47. Qxc4 Bg4 48. Qxb3 Bxh5 49. Qc2+ Bg6 50. Qd2 Ne4 51. Qe3 Rf7 52. f3 Ng3+ 53. Kg1 Nf5 54.
Qg5 Rg7 55. Qd2 Rf7 56. c4 Kg7 57. c5 Ng3 58. Qc3+ Kf8 59. Qc4 Nf5 60. b4 Ne3 61. Qd4 Nf5 62. Qd8+ Kg7 63. c6 Ne7 64. b5 Bf5 65. Qd4+ Kg8 66. a4 Be6 67. a5 Rf5 68. b6 axb6 69. Qxb6 Kf7 70. a6 Nc8 71. Qc7+ Kf6 72. a7 Rd5 73. a8=Q 1-0

[Event "Late-Titled-Tuesday-Blitz-January-23-2024"]
[Site "Chess.com"]
[Date "2024.01.23"]
[Round "4"]
[White "chrisclaireredfield"]
[Black "EcosseKillie"]
[Result "1/2-1/2"]
[WhiteElo "2563"]
[BlackElo "2275"]
[TimeControl "180+1"]
[EndTime "14:38:56 PST"]
[Termination "Game drawn - insufficient material"]

1. c4 b6 2. Nf3 Bb7 3. g3 Bxf3 4. exf3 c5 5. d4 cxd4 6. Qxd4 Nc6 7. Qd2 g6 8. f4 Bg7 9. Bg2 h5 10. h4 Nh6 11. O-O Nf5 12. Nc3 O-O 13. b3 Ncd4 14.
Bb2 a6 15. Rad1 Rb8 16. Ne2 Nxe2+ 17. Qxe2 Bxb2 18. Qxb2 d6 19. Rfe1 Qc7 20. Be4 Nh6 21. a4 e6 22. Rd2 Rfd8 23. Red1 Qc5 24. Qd4 Qb4 25. Rd3 Ng4 26. Bf3 Nh6 27. Qf6 Nf5 28. Be4 b5 29. Bxf5 exf5 30. Rxd6 Rxd6 31. Qxd6 bxc4 32.
bxc4 Qxd6 33. Rxd6 Rb4 34. Rxa6 Rxc4 35. Kf1 Kf8 36. Ke2 Ke7 37. Kd3 Rc1 38. Rb6 Ra1 39.
Rb4 Ra2 40. Kc4 Kd6 41. Kb5 Kc7 42. a5 Kb7 43. Rd4 Rb2+ 44. Kc5 Ka6 45. Ra4 Rxf2 46. Ra3 Rc2+ 47. Kd6 Re2 48. Kd7 Re4 49. Rd3 Kxa5 50.
Rd6 Re3 51. Rf6 Rxg3 52. Rxf7 Kb5 53. Ke6 Rg4 54. Kf6 Rxh4 55. Kxg6 Rxf4 56. Rxf5+ Rxf5 57. Kxf5 Kc6 58. Kg5 Kd7 59. Kxh5 1/2-1/2

[Event "Late-Titled-Tuesday-Blitz-January-23-2024"]
[Site "Chess.com"]
[Date "2024.01.23"]
[Round "4"]
[White "Maect19"]
[Black "tigurones"]
[Result "0-1"]
[WhiteElo "2315"]
[BlackElo "2496"]
[TimeControl "180+1"]
[EndTime "14:38:56 PST"]
[Termination "tigurones won by resignation"]

1. c4 e6 2. Nf3 Nf6 3. Nc3 d5 4. e3 Be7 5. b3 O-O 6. Bb2 b6 7. d4 Bb7 8. Bd3 h6 9. O-O c5 10. Rc1 Nc6 11. Bb1 dxc4 12. bxc4 cxd4 13. exd4 Na5 14.
Ne5 Rc8 15. Qd3 Re8 16. Rfd1 Qc7 17. Nb5 Qb8 18. Ng4 Ne4 19. f3 Qf4 20. Nf2 Nf6 21.
Ng4 Ne4 22. Nxh6+ Qxh6 23. fxe4 a6 24. Na3 Bg5 25. Rc3 Red8 26. d5 Bf6 27. Rc2 exd5 28.
exd5 Re8 29. Bxf6 Qxf6 30. Rf2 Qh6 31. Rdf1 Rc7 32. d6 Rd7 33. Bc2 Red8 34. Qf5 Nc6 35.
Be4 b5 36. Bd5 Ne7 37. Qxf7+ Kh8 38. Qe6 Nxd5 39. cxd5 Rxd6 40. Rf8+ Rxf8 41. Rxf8+ Kh7 42. Qxd6 Qxd6 43. Rf3 Qc5+ 44. Kf1 Bxd5 45. Rh3+ Kg8 46. Ke1 Bc4 47. Rg3 Qb4+ 48. Kf2 Qb2+ 49. Ke1 Qa1+ 50.
Kd2 Qxa2+ 51. Nc2 Bb3 52. Rc3 Bxc2 53. Rxc2 Qd5+ 54. Ke3 a5 55. g4 b4 56. h4 b3 57. g5 bxc2 0-1

[Event "Late-Titled-Tuesday-Blitz-January-23-2024"]
[Site "Chess.com"]
[Date "2024.01.23"]
[Round "4"]
[White "Jospem"]
[Black "tptagain"]
[Result "0-1"]
[WhiteElo "3087"]
[BlackElo "2938"]
[TimeControl "180+1"]
[EndTime "14:39:00 PST"]
[Termination "tptagain won on time"]

1. e4 c5 2. Nf3 Nc6 3. c3 Nf6 4.
Bd3 d5 5. e5 Nd7 6. Bb5 e6 7.
d4 Be7 8. O-O O-O 9. Ba4 Nb6 10.
Bb3 Bd7 11. Re1 Rc8 12. Be3 cxd4 13. Bxd4 Nxd4 14. Nxd4 Nc4 15. Bxc4 Rxc4 16. Nd2 Rc8 17. N2f3 b5 18. Qd2 a5 19. a3 Qb6 20. b4 Rc7 21. h4 Rfc8 22. Re3 Ra8 23. Rc1 axb4 24. axb4 Rca7 25.
Kh2 Ra2 26. Rc2 Ra1 27. Re1 Rxe1 28. Qxe1 h6 29. Qd2 Qa7 30. Rc1 Qa2 31. Qxa2 Rxa2 32.
Rc2 Ra3 33. g4 f6 34. Kg2 Kf7 35. g5 hxg5 36. hxg5 Bd8 37. Kg3 Bc7 38. Kf4 Ra1 39. Re2 Kg6 40. gxf6 gxf6 41. Kg4 Ra3 42. Nh4+ Kf7 43.
f4 Rxc3 44. Nhf3 Rc4 45. Rh2 fxe5 46. fxe5 Bb6 47. Rd2 Rxb4 48. Kg5 Rc4 49. Kh6 b4 50. Kh7 Ke7 51. Kg7 Ba4 52. Ne2 b3 53. Nfd4 Bxd4 54.
Nxd4 b2 55. Rxb2 Rxd4 56. Rb7+ Bd7 57. Rb4 Rxb4 58. Kg6 Re4 59. Kg5 Rxe5+ 60. Kf4 Re4+ 61.
Kf3 Kf6 62. Kf2 Kf5 63. Kg2 Kg4 64. Kg1 Kg3 65. Kf1 Re3 0-1

[Event "Late-Titled-Tuesday-Blitz-January-23-2024"]
[Site "Chess.com"]
[Date "2024.01.23"]
[Round "4"]
[White "C_K_G"]
[Black "youngdinousaur"]
[Result "0-1"]
[WhiteElo "2133"]
[BlackElo "2323"]
[TimeControl "180+1"]
[EndTime "14:39:05 PST"]
[Termination "youngdinousaur won by resignation"]

1. e4 c5 2. Nf3 e6 3. d4 cxd4 4. Nxd4 Nf6 5. Nc3 Nc6 6. Be3 Bb4 7. Bd3 d5 8. exd5 Nxd5 9. Nxc6 bxc6 10. Bd2 O-O 11.
O-O Be7 12. a3 Rb8 13. b4 a5 14. bxa5 Bf6 15. Nxd5 Bxa1 16. Nc3 Bb2 17. Qh5 g6 18. Qe5 Ba6 19. Bh6 f6 20. Qxe6+ Kh8 21. Bxa6 Bxc3 22. Bxf8 Qxf8 23. Qxc6 Qxa3 24. Qc7 Rf8 25. Bc4 Qxa5 26. Qd7 Qc5 27. Bb3 Bd4 28. g3 Qa7 29. Qd5 Kg7 30.
Kg2 Be5 31. Re1 h5 32. f4 Bc3 33. Re2 Qd4 34. Qxd4 Bxd4 35. Re7+ Kh6 36. Kf3 g5 37.
Bc4 g4+ 38. Ke4 Bg1 39. Bd3 f5+ 40. Ke5 Bxh2 41. Bxf5 Rh8 42. Kf6 Bxg3 43. Rg7 Rf8+ 44. Rf7 Rxf7+ 45. Kxf7 Bxf4 46. c4 g3 47. Bh3 h4 48. c5 Kg5 49. c6 Bd6 50. Ke6 Bf4 51. Kd7 Kf6 52. c7 Bxc7 53. Kxc7 Ke5 54. Kc6 Kf4 55.
Kd5 Kf3 56. Ke5 g2 57. Bxg2+ Kxg2 58. Kf4 h3 59. Kg4 h2 0-1

[Event "Late-Titled-Tuesday-Blitz-January-23-2024"]
[Site "Chess.com"]
[Date "2024.01.23"]
[Round "4"]
[White "Quattroporte300"]
[Black "cristiano78"]
[Result "1-0"]
[WhiteElo "2428"]
[BlackElo "2217"]
[TimeControl "180+1"]
[EndTime "14:39:06 PST"]
[Termination "Quattroporte300 won on time"]

1. e4 c5 2. c3 d6 3. d4 Nf6 4.
Bd3 Qc7 5. Nf3 Bg4 6. O-O Nbd7 7.
h3 Bxf3 8. Qxf3 e5 9. d5 c4 10. Bc2 Rc8 11. Be3 b5 12. Nd2 Be7 13.
g3 Nc5 14. Qe2 O-O 15. f4 exf4 16. gxf4 Rfe8 17. Kh2 Bf8 18. Qf3 g6 19. Bd4 Bg7 20. Rae1 Qd7 21. Re2 Nh5 22. e5 dxe5 23. fxe5 Nd3 24.
Bxd3 cxd3 25. Re3 Rcd8 26. d6 f6 27. exf6 Qxd6+ 28. Kg2 Rxe3 29. f7+ Kf8 30. Bxg7+ Kxg7 31. Qxe3 Rf8 32. Rf3 Rxf7 33. Rxf7+ Kxf7 34. Qxa7+ Ke6 35. Qe3+ Qe5 36. Qxe5+ Kxe5 37. Kf3 Nf4 38. h4 Nd5 39. Ne4 h6 40. Nd2 g5 41. hxg5 hxg5 42. a3 Kf5 43.
Nf1 g4+ 44. Kf2 Kf4 45. Ng3 Nf6 46. Nf1 Ne4+ 47. Ke1 Kf3 48. c4 bxc4 49. a4 g3 50. Nxg3 Nxg3 51. a5 Ke3 52. a6 d2+ 53. Kd1 Ne4 54.
a7 Nf2+ 55. Kc2 d1=Q+ 56. Kc3 Qd3+ 57. Kb4 Qb3+ 58. Kc5 1-0

[Event "Late-Titled-Tuesday-Blitz-January-23-2024"]
[Site "Chess.com"]
[Date "2024.01.23"]
[Round "4"]
[White "Megagigahiper3345"]
[Black "DenLaz"]
[Result "0-1"]
[WhiteElo "2667"]
[BlackElo "3087"]
[TimeControl "180+1"]
[EndTime "14:39:10 PST"]
[Termination "DenLaz won by resignation"]

1. e4 c5 2. Nc3 Nc6 3. Nf3 e6 4. Bb5 Nd4 5. O-O a6 6. Bd3 Nc6 7. Be2 Nd4 8. Bd3 Nc6 9. Be2 g5 10. a3 Bg7 11. Rb1 g4 12. Ne1 h5 13. b4 cxb4 14. axb4 Nd4 15. Bd3 b5 16. Ne2 Nc6 17. c3 h4 18. Bc2 Nge7 19. d4 Ng6 20. e5 Nce7 21. Nd3 Bb7 22. Nc5 Bc6 23. Be4 Qc7 24.
Qd3 d6 25. exd6 Qxd6 26. Bg5 h3 27. g3 f5 28. Bxc6+ Qxc6 29. f3 Nd5 30. Rbe1 O-O 31. Nf4 Ndxf4 32. gxf4 Rae8 33. Re3 Bf6 34. Bh6 Rf7 35.
Rfe1 Rfe7 36. Nxe6 Rxe6 37. Qxf5 Kf7 38. Rxe6 Rxe6 39.
Rxe6 Qxe6 40. Qxe6+ Kxe6 41. fxg4 Kd5 42. f5 Nh4 43.
Kf2 Ke4 44. Bc1 Nf3 45. Kg3 Be7 46. Kxh3 Bd6 47. g5 Kxf5 48. Kg2 Nh4+ 49. Kh3 Ng6 50. Kg2 Kg4 51. h3+ Kf5 52. d5 Bf4 53. Bb2 Bxg5 54.
d6 Nf4+ 55. Kf3 Nd3 56. Ba1 Ne5+ 57. Ke2 Nc4 58. Kd3 Ke6 59. Kd4 Kxd6 60. Kd3 Kd5 61. Kc2 Ke4 62. Bb2 Nxb2 63. Kxb2 Kd3 64. Kb3 Bf6 65. Ka3 Kxc3 66. h4 Bxh4 0-1

[Event "Late-Titled-Tuesday-Blitz-January-23-2024"]
[Site "Chess.com"]
[Date "2024.01.23"]
[Round "4"]
[White "lucachess49"]
[Black "alexrustemov"]
[Result "0-1"]
[WhiteElo "2517"]
[BlackElo "2850"]
[TimeControl "180+1"]
[EndTime "14:39:11 PST"]
[Termination "alexrustemov won on time"]

1. e4 e6 2. d4 d5 3. Nd2 dxe4 4. Nxe4 Bd7 5. Bd3 Bc6 6. Nf3 Nd7 7. O-O Ngf6 8. Qe2 Nxe4 9. Bxe4 Bxe4 10. Qxe4 c6 11. c4 Bd6 12. b3 O-O 13. Bg5 Qc7 14. Rad1 Rfe8 15. Bh4 h6 16. Rfe1 Nf8 17. Bg3 Rad8 18. Ne5 Nd7 19. f4 c5 20. d5 exd5 21. Qxd5 Bxe5 22. fxe5 Nf8 23. e6 Rxd5 24. Bxc7 Rxd1 25. exf7+ Kxf7 26. Rxd1 Ne6 27. Be5 Re7 28. Rd5 b6 29. h4 h5 30. Kh2 g6 31. g4 hxg4 32. Kg3 Ng7 33. Bxg7 Kxg7 34. Kxg4 Kh6 35. Rd2 Re4+ 36. Kg3 Re3+ 37. Kg4 Re4+ 38. Kg3 Re6 39. Kg4 a5 40. Kg3 a4 41. Kg4 a3 42. Rd8 Re2 43.
Rh8+ Kg7 44. Rb8 Rxa2 45. Rxb6 Rb2 46. Ra6 Rxb3 47. Kf4 Kh6 48. Ke5 Rd3 49. Ke4 Rd4+ 50. Kf3 Rxc4 51. Rxa3 Rxh4 52. Ra8 Kg5 53. Rc8 Rc4 54.
Ke3 Kg4 55. Rg8 g5 56. Kd3 Rd4+ 57. Ke3 Rf4 58. Rc8 Rf5 59. Rc6 Re5+ 60. Kf2 Kf4 61. Rc8 g4 62. Rf8+ Rf5 63. Rc8 Rg5 64. Kg2 Ke3 65.
Kg3 Kd3 66. Kf4 Rd5 67. Kxg4 c4 68. Kf3 c3 69. Kf2 Kd2 0-1

[Event "Late-Titled-Tuesday-Blitz-January-23-2024"]
[Site "Chess.com"]
[Date "2024.01.23"]
[Round "4"]
[White "DraningWaterHi"]
[Black "Arteler"]
[Result "1/2-1/2"]
[WhiteElo "2197"]
[BlackElo "2522"]
[TimeControl "180+1"]
[EndTime "14:39:11 PST"]
[Termination "Game drawn - insufficient material"]

1. d4 d5 2. Bf4 c5 3. e3 Nc6 4.
Nf3 Nf6 5. Nbd2 Bg4 6. h3 Bh5 7. g4 Bg6 8. dxc5 e6 9. Bb5 Bxc5 10.
Ne5 Qb6 11. a4 O-O 12. c3 Nxe5 13. Bxe5 a6 14. Be2 Nd7 15. Bd4 Qxb2 16. O-O Bd6 17.
c4 Qc2 18. cxd5 exd5 19. Bf3 Nf6 20. Qxc2 Bxc2 21. Rfc1 Be4 22. Bxf6 Bxf3 23. Bxg7 Kxg7 24. Nxf3 Rfd8 25. Nd4 Be5 26. Nf5+ Kf6 27. Rab1 b5 28. axb5 axb5 29. Rxb5 Kg6 30. Rc6+ f6 31. f4 Ba1 32. Ne7+ Kf7 33. Nxd5 Rab8 34. Rxb8 Rxb8 35. f5 Be5 36. Kg2 Rb2+ 37. Kf3 Rh2 38. Nf4 Bxf4 39. Kxf4 Rxh3 40.
Rc7+ Kf8 41. e4 Rh4 42. Ra7 h5 43. Ra8+ Kf7 44. Ra7+ Kf8 45. Ra8+ Kg7 46. Ra7+ Kh6 47. Rf7 Rxg4+ 48. Kf3 Kg5 49. Rg7+ Kh4 50. Rg6 Rg5 51.
Rxf6 Rg3+ 52. Kf4 Rg4+ 53. Ke5 Kg3 54. Rg6 h4 55. Rh6 h3 56. f6 h2 57. f7 Rf4 58.
Rxh2 Rxf7 59. Rh6 Kf3 60. Re6 Rf4 61. Kd5 Kg4 62. e5 Kg5 63. Kd6 Rd4+ 64. Kc5 Kf5 65. Re8 Rd1 66. e6 Kf6 67. Kc6 Rd2 68. Kc5 Rd1 69. Kc4 Rd6 70. e7 Kf7 71. Rd8 Kxe7 72. Rxd6 Kxd6 1/2-1/2

[Event "Late-Titled-Tuesday-Blitz-January-23-2024"]
[Site "Chess.com"]
[Date "2024.01.23"]
[Round "4"]
[White "GM_dmitrij"]
[Black "YoreDea"]
[Result "1-0"]
[WhiteElo "3009"]
[BlackElo "2573"]
[TimeControl "180+1"]
[EndTime "14:39:13 PST"]
[Termination "GM_dmitrij won on time"]

1. e4 e6 2. d4 d5 3. Nc3 Nf6 4. Bg5 dxe4 5. Nxe4 Be7 6. Nxf6+ Bxf6 7. Bxf6 Qxf6 8. Nf3 Bd7 9. Qd3 Bc6 10. Ne5 Nd7 11.
Nxc6 bxc6 12. Qe4 O-O 13. Bd3 g6 14. O-O e5 15. dxe5 Nxe5 16. b3 Nxd3 17. Qxd3 a5 18. a4 Rad8 19. Qg3 Rd6 20. Rae1 h5 21. h3 Rfd8 22.
Re2 Kg7 23. Rfe1 R8d7 24. Qe5 Qxe5 25. Rxe5 Rd5 26. R5e4 Rc5 27. R1e2 Rd1+ 28. Kh2 Rc1 29. c4 Rc3 30. R2e3 Rxe3 31. Rxe3 Kf6 32. f4 h4 33. g4 hxg3+ 34. Kxg3 Rh5 35. Kg4 Rh8 36. Re5 Rb8 37. Rxa5 Rxb3 38. Rc5 Ke7 39. Rxc6 Kd7 40. Rf6 Ke7 41.
Rc6 Kd7 42. Rc5 Ra3 43. a5 c6 44. f5 Kd6 45. fxg6 fxg6 46. Rg5 Ra4 47. Rxg6+ Kd7 48. h4 Rxc4+ 49. Kg5 Rc5+ 50. Kg4 Rxa5 51. h5 Ra1 52. h6 Rg1+ 53. Kf5 Rf1+ 54. Kg5 Rg1+ 55. Kf6 Rh1 56. Kg7 Kc7 57. h7 Rxh7+ 58. Kxh7 Kb6 59. Kh6 Kb5 60.
Kg5 c5 61. Kf4 Kb4 62. Ke3 c4 63. Kd2 Kb3 64. Kc1 Kc3 65. Rg3+ Kb4 66. Kc2 c3 67. Rg4+ Ka3 68. Rh4 1-0

[Event "Late-Titled-Tuesday-Blitz-January-23-2024"]
[Site "Chess.com"]
[Date "2024.01.23"]
[Round "4"]
[White "karinachess1"]
[Black "toninhojit"]
[Result "1/2-1/2"]
[WhiteElo "2623"]
[BlackElo "2477"]
[TimeControl "180+1"]
[EndTime "14:39:16 PST"]
[Termination "Game drawn - insufficient material"]

1. d4 Nf6 2. c4 c5 3. d5 e6 4.
Nc3 exd5 5. cxd5 d6 6. Nf3 g6 7. e4 Bg7 8. Be2 Bg4 9. Nd2 Bxe2 10. Qxe2 O-O 11. O-O Re8 12. f3 Nh5 13. Nc4 Na6 14. Be3 Nc7 15. a4 Na6 16. g4 Nf6 17. Bf4 Nb4 18.
Rad1 Bf8 19. Qg2 Qc7 20. Nb5 Qd7 21. Nbxd6 Qxa4 22. Nxe8 Rxe8 23. d6 Nbd5 24. exd5 Qxc4 25. Qd2 Bg7 26. Rc1 Qxd5 27. g5 Qxd2 28. Bxd2 Nd5 29. Bc3 Nxc3 30. bxc3 Rd8 31. Rfd1 Rd7 32. Rd5 b6 33. Re1 Bf8 34. Red1 Bg7 35. c4 Bd4+ 36. Kg2 Kf8 37. Re1 Rd8 38. d7 a5 39. Re2 a4 40. Ra2 Ke7 41. Rxa4 Rxd7 42. Rxd7+ Kxd7 43. Ra7+ Ke6 44. Rb7 Kf5 45. Rxf7+ Kxg5 46. Rxh7 Kf4 47. Rb7 Ke3 48. Rxb6 g5 49. Rg6 Kd3 50. Rxg5 Kxc4 51. h4 Kd3 52. h5 c4 53. h6 c3 54. Rh5 c2 55. Rh1 Kd2 56. Kg3 c1=Q 57. Rxc1 Kxc1 58. Kf4 Kd2 59. Ke4 Bh8 60. f4 Kc3 61. f5 Kc4 62. Kf4 Kd5 63. Kg5 Kd6 64. Kg6 Ke7 65.
Kh7 Bf6 66. Kg8 Be5 67. h7 Bf6 68. h8=Q Bxh8 69. Kxh8 Kf6 70. Kh7 Kxf5 1/2-1/2